 Dungeon Crawl Stone Soup version 0.29-a0-330-g52719c12eb (webtiles) character file.

Game seed: 16817780485749902887

3684 Ajdolov the Gouger (level 9, -2/51 HPs)
             Began as a Felid Transmuter on May 5, 2022.
             Was an Initiate of Gozag.
             Killed from afar by an acid dragon (30 damage)
             ... with a splash of acid
             ... on level 10 of the Dungeon.
             The game lasted 00:22:06 (14710 turns).

Ajdolov the Gouger (Felid Transmuter)              Turns: 14710, Time: 00:22:07

Health: -2/51      AC: 10    Str:  6    XL:     9   Next: 90%
Magic:  13/13      EV: 10    Int: 30    God:    Gozag
Gold:   1035       SH:  0    Dex: 17    Spells: 7/12 levels left
                                        Lives:  0   Deaths: 2

rFire   x . .      SeeInvis +     - Unarmed
rCold   + + +      Faith    .   (shield unavailable)
rNeg    . . .      Spirit   .   (body armour unavailable)
rPois   +          Reflect  .   (helmet unavailable)
rElec   .          Harm     .   (cloak unavailable)
rCorr   .          Rampage  .   (gloves unavailable)
Will    +....                   (boots unavailable)
Stlth   +++.......              u - amulet of magic regeneration
HPRegen 0.17/turn               k - +6 ring of intelligence
MPRegen 0.53/turn               s - +6 ring of intelligence

@: ice-form, gold aura
A: freezing attack, amphibious, boosted hp, large, (claws 1), (fangs 3), see
invisible, (speed 1), (shaggy fur 2), (stealthy paws), no weapons or thrown
items, no armour, multi-lived
a: End Transformation, Renounce Religion, Potion Petition, Call Merchant, Bribe
Branch


You were on level 10 of the Dungeon.
You worshipped Gozag.
Gozag was most pleased with you.
You were a creature of crystalline ice.
You visited 2 branches of the dungeon, and saw 11 of its levels.

You collected 1065 gold pieces.
You paid 30 gold pieces to Gozag.

Inventory:

Jewellery
 k - a +6 ring of intelligence (left front paw)
 l - a +4 ring of evasion
 s - a +6 ring of intelligence (right front paw)
 u - an amulet of magic regeneration (around neck)
 A - a +4 ring of protection
Wands
 c - a wand of mindburst (13)
 p - a wand of charming (3)
 t - a wand of acid (7)
 y - a wand of iceblast (4)
 C - a wand of flame (9)
Scrolls
 f - 3 scrolls of amnesia
 g - 2 scrolls of holy word {unknown}
 h - 5 scrolls of teleportation
 i - 2 scrolls of silence {unknown}
 j - 7 scrolls of fog {unknown}
 m - 2 scrolls of noise {unknown}
 q - 4 scrolls of magic mapping {unknown}
 w - a scroll of immolation {unknown}
 x - a scroll of torment {unknown}
 B - a scroll of summoning {unknown}
Potions
 a - 3 potions of curing {unknown}
 b - 6 potions of haste
 d - 2 potions of resistance
 e - 2 potions of berserk rage
 n - 2 potions of brilliance {unknown}
 o - a potion of heal wounds {unknown}
 r - 2 potions of flight {unknown}
 v - 3 potions of attraction {unknown}
 z - 2 potions of might {unknown}


   Skills:
 * Level 7.3 Fighting
 - Level 2.6 Dodging
 - Level 4.0 Stealth
 + Level 9.8 Unarmed Combat
 - Level 2.0 Spellcasting
 - Level 7.2 Transmutations
 + Level 6.9 Ice Magic


You had 7 spell levels left.
You knew the following spells:

 Your Spells              Type           Power      Damage    Failure   Level
a - Beastly Appendage     Tmut           92%        N/A       1%          1
b - Ice Form              Ice/Tmut       45%        N/A       4%          4

Your spell library contained the following spells:

 Spells                   Type           Power      Damage    Failure   Level
 Wereblood                Tmut           46%        N/A       1%          2
 Spider Form              Tmut/Pois      24%        N/A       5%          3
 Animate Skeleton         Necr           6%         N/A       8%          1
 Apportation              Tloc           6%         N/A       8%          1
 Summon Small Mammal      Summ           12%        N/A       8%          1
 Poisonous Vapours        Pois/Air       6%         N/A       12%         2
 Alistair's Intoxication  Tmut/Pois      16%        N/A       45%         5
 Borgnjor's Vile Clutch   Necr/Erth      1%         N/A       91%         5
 Eringya's Noxious Bog    Tmut/Pois      12%        N/A       95%         6


Dungeon Overview and Level Annotations

Branches:
Dungeon (10/15)            Temple (1/1) D:4            Lair (0/6) D:10
    Orc: D:9-12

Altars:
Ashenzari
Cheibriados
Dithmenos
Elyvilon
Fedhas
Gozag
Hepliaklqana
Kikubaaqudgha
Makhleb
Nemelex Xobeh
Okawaru
Qazlal
Ru
Trog
Uskayaw
Vehumet
Wu Jian
Xom
Yredelemnul
Zin
The Shining One

Shops:
D:5 :

Annotations:
D:3 1 runed translucent door, initializr's ghost, amateur DrTm
D:4 1 runed translucent door, Crazy Yiuf
D:10 Sonja


Innate Abilities, Weirdness & Mutations

You are a creature of crystalline ice.
You have a powerful freezing melee attack.
You are amphibious.
Your maximum health is increased.
((You have sharp claws.))
((You have razor-sharp teeth.))
You have supernaturally acute eyesight. (SInv)
((You cover ground quickly. (Speed+)))
((You are covered in thick fur. (AC +2)))
((Your paws help you pounce on unaware monsters.))
You are incapable of wielding weapons or throwing items.
You cannot wear armour.
You gain extra lives every three experience levels.


Message History

The centaur hits you but does no damage.
The centaur barely misses you.
You punch the centaur! You freeze the centaur.
You kill the centaur!
Unknown command.
You hit the yak. You freeze the yak.
The yak is lightly wounded.
The yak gores you!
You punch the yak! You freeze the yak.
The yak is heavily wounded.
The yak closely misses you.
You hit the yak. You freeze the yak.
The yak is severely wounded.
A nearby fungus withers and dies.
The yak gores you but does no damage.
You punch the yak! You freeze the yak.
You kill the yak!
You start resting.
A bullfrog comes into view.
An acid dragon comes into view.
The bullfrog hits you but does no damage.
The acid dragon roars!
You hit the bullfrog.
The bullfrog seems to slow down.
You freeze the bullfrog.
The bullfrog is moderately wounded.
The bullfrog hits you but does no damage.
You barely miss the bullfrog.
The bullfrog is moderately wounded.
A nearby fungus withers and dies.
The bullfrog releases a deep croak.
The bullfrog misses you.
You pummel the bullfrog!!
The bullfrog seems to slow down.
You freeze the bullfrog.
You kill the bullfrog!
The acid dragon bites you! The acid dragon barely misses you.
You hit the acid dragon. You freeze the acid dragon.
The acid dragon is lightly wounded.
The acid dragon spits acid at you. The splash of acid hits you!!
Ouch! That really hurt!
You die...
Your body crumbles into a pile of gold.

PP..PP........
PP.P...P......####
.PP.P.PP..........
P.>PPP............
PP........PP.....#
.PP..P.P.P.......#
..P.PP.PD........#
PP.PPPP$Y..P.....#
.P.PP...P$$......#
PP.P.....###..<..#
...PP.#..# .....
####.##..# ###.
#....># ####<.#
.........#
######...#


You could see an acid dragon (catching breath).

Vanquished Creatures
  Pikel (D:4)
  A hornet (D:9)
  Prince Ribbit (D:7)
  3 slime creatures (D:9)
  A wyvern (D:8)
  Eustachio (D:4)
  7 yaks
  2 steam dragons
  An acid dragon (D:10)
  4 water moccasins
  2 orc warriors (D:8)
  A sky beast (D:8)
  2 centaurs
  A lemure (D:3)
  A kobold brigand (D:9)
  2 necrophages
  2 bullfrogs
  A gnoll sergeant (D:9)
  2 scorpions
  10 wights (D:8)
  4 hounds
  3 orc priests
  2 jellies
  6 orc wizards
  4 iguanas
  4 gnolls (D:9)
  6 adders
  2 ufetubi
  3 dart slugs
  22 orcs
  7 ball pythons
  5 bats
  4 endoplasms
  9 goblins
  8 hobgoblins
  4 quokkas
  6 frilled lizards
  12 kobolds
  9 rats
166 creatures vanquished.

Vanquished Creatures (others)
  An orc (D:8)
  15 fungi (D:10)
  22 plants
38 creatures vanquished.

Grand Total: 204 creatures vanquished

Notes
Turn   | Place    | Note
-------+----------+-------------------------------------------
     0 | D:1      | Ajdolov the Felid Transmuter began the quest for the Orb.
     0 | D:1      | Reached XP level 1. HP: 9/9 MP: 4/4
    42 | D:1      | Reached skill level 1 in Stealth
   218 | D:1      | Reached XP level 2. HP: 12/12 MP: 4/6
   720 | D:1      | You fall into a shaft and drop 1 floor!
   729 | D:2      | Found a faded altar of an unknown god.
   845 | D:1      | Reached XP level 3. HP: 10/15 MP: 5/7
  2627 | D:3      | Reached XP level 4. HP: 12/19 MP: 6/8
  2801 | D:3      | Found a runed translucent door.
  2801 | D:3      | Noticed initializr's ghost (amateur DrTm)
  2895 | D:3      | Learned a level 4 spell: Ice Form
  3679 | D:4      | Got the Tome of Mutagenic Feathers
  3806 | D:4      | Found a staircase to the Ecumenical Temple.
  3811 | Temple   | Entered the Ecumenical Temple
  4039 | Temple   | Became a worshipper of Gozag Ym Sagoz the Greedy
  4096 | D:4      | Noticed a lemure
  4135 | D:4      | Reached XP level 5. HP: 22/22 MP: 7/9
  4177 | D:4      | Reached skill level 4 in Unarmed Combat
  4984 | D:4      | Noticed a lemure
  4984 | D:4      | Noticed Pikel
  4984 | D:4      | Noticed a lemure
  5031 | D:4      | Noticed a lemure
  5079 | D:3      | Killed a lemure
  5327 | D:4      | Gained mutation: You are covered in thick fur. (AC +2)
                  | [Felid growth]
  5327 | D:4      | Reached XP level 6. HP: 11/25 MP: 10/10
  5529 | D:4      | Reached skill level 5 in Transmutations
  5789 | D:4      | Found a runed translucent door.
  5790 | D:4      | Noticed Crazy Yiuf
  6050 | D:4      | Slain by a ball python
  6051 | D:4      | Reached XP level 5. HP: -1/22 MP: 9/9
  6390 | D:5      | Entered Level 5 of the Dungeon
  6390 | D:5      | Noticed Eustachio
  6522 | D:4      | Killed Pikel
  6523 | D:4      | Reached skill level 5 in Unarmed Combat
  6523 | D:4      | Reached XP level 6. HP: 25/25 MP: 10/10
  6523 | D:4      | Reached XP level 7. HP: 28/28 MP: 11/11
  6559 | D:4      | Killed Eustachio
  6560 | D:4      | Reached skill level 1 in Ice Magic
  7157 | D:5      | Reached skill level 6 in Unarmed Combat
  7368 | D:5      | Reached XP level 8. HP: 32/32 MP: 7/12
  7688 | D:5      | Found Caffo's Book Emporium.
  8571 | D:7      | Identified the +8 morningstar of Jioniowk {spect, rPois
                  | Dex+2}
  8705 | D:7      | Reached skill level 7 in Unarmed Combat
  8705 | D:7      | Reached skill level 5 in Ice Magic
  9405 | D:7      | Noticed Prince Ribbit
  9415 | D:7      | Killed Prince Ribbit
  9416 | D:7      | Reached skill level 8 in Unarmed Combat
  9715 | D:8      | Reached XP level 9. HP: 33/35 MP: 13/13
 11379 | D:9      | Reached skill level 9 in Unarmed Combat
 11506 | D:9      | Reached skill level 5 in Fighting
 11789 | D:8      | HP: 1/40 [orc warrior/+0 dire flail (11)]
 12258 | D:9      | Killed from afar by an orc priest
 12259 | D:9      | Reached XP level 8. HP: -6/44 MP: 10/12
 12726 | D:8      | Reached XP level 9. HP: 27/41 MP: 13/13
 13735 | D:9      | HP: 1/42 [yak (13)]
 14512 | D:10     | Entered Level 10 of the Dungeon
 14536 | D:10     | Noticed Sonja
 14536 | D:10     | Noticed a kobold demonologist
 14681 | D:10     | Found a staircase to the Lair.
 14710 | D:10     | Killed from afar by an acid dragon

Illustrated notes

Levels and vault maps discovered:
D:1:      saegor_arrival_simple_d, layout_basic
D:2:      layout_basic, ebering_ecumenical_altar_rust, dk_vineyard_1,
          kennysheep_decorative_pillar
D:3:      layout_rooms, hellmonk_ghost_happy_afterlife, serial_bayou,
          serial_bayou_shore_b, serial_bayou_pond_a, serial_bayou_pond_c,
          serial_bayou_crossing
D:4:      layout_cave_pods, minmay_temple_entry_glassed_door,
          uniq_crazy_yiuf_cottage, uniq_pikel
D:5:      layout_rooms, tgw_sif, serial_shops, nicolae_shop_waterfront,
          minmay_curled_crystal, uniq_eustachio
D:6:      layout_cave_pools, serial_column_ruins, column_ruins_hut,
          column_ruins_columns_straight, column_ruins_columns_straight,
          column_ruins_open_tiny, column_ruins_open_small,
          column_ruins_columns_corner
D:7:      layout_loops_ring, uniq_prince_ribbit1
D:8:      layout_basic
D:9:      layout_rooms
D:10:     layout_irregular_city, due_lair_maze_entry_diamond, uniq_grum,
          uniq_erica, uniq_sonja
Temple:   mainiacjoe_temple_archimedes_tessellation

Skill      XL: |  1  2  3  4  5  6  7  8  9 |
---------------+----------------------------+-----
Stealth        | 2 4 |  4.0
Transmutations | 3 7 5 |  7.2
Unarmed Combat | 5 6 8 9 |  9.8
Ice Magic      | 3 5 6 |  6.9
Fighting       | 7 |  7.3
Dodging        | |  2.6
Spellcasting   | |  2.0

Action                   |  1- 3 |  4- 6 |  7- 9 || total
-------------------------+-------+-------+-------++-------
Melee: Unarmed           |   128 |   150 |   266 ||   544
       Headbutt          |    11 |    28 |     2 ||    41
       Bite              |    10 |    18 |     2 ||    30
       Punch             |     1 |     3 |     1 ||     5
 Cast: Beastly Appendage |    27 |    27 |     1 ||    55
       Ice Form          |       |       |    44 ||    44
 Abil: End Transformatio |       |       |     2 ||     2
Evoke: Wand              |       |     5 |     6 ||    11
  Use: Potion            |     1 |       |       ||     1
       Scroll            |       |       |     6 ||     6
 Stab: Sleeping          |     8 |     1 |     4 ||    13
       Distracted        |     1 |     2 |       ||     3
       Paralysed         |       |     2 |     2 ||     4
Armor: Skin              |    12 |     7 |    79 ||    98
Dodge: Dodged            |    89 |    97 |   138 ||   324

Table legend: (Time is in decaauts)
 A = Elapsed time spent in this place.
 B = Non-inter-level travel time spent in this place.
 C = Inter-level travel time spent in this place.
 D = Time resting spent in this place.
 E = Time spent auto-exploring this place.
 F = Levels seen in this place.
 G = Mean time per level.
                   A        B        C        D        E       F      G
               +--------+--------+--------+--------+--------+-----+--------+
         Total |  13432 |  12877 |    555 |   4580 |   5983 |  11 | 1221.1 |
       Dungeon |  13226 |  12699 |    527 |   4580 |   5837 |  10 | 1322.6 |
        Temple |    206 |    178 |     28 |      0 |    146 |   1 |  206.0 |
               +--------+--------+--------+--------+--------+-----+--------+

Top non-repeatable levels by time:
     D:4: 2701 daAuts
     D:8: 2496 daAuts
     D:9: 1708 daAuts
     D:7: 1482 daAuts
     D:2: 1226 daAuts
     D:3: 1172 daAuts
     D:1: 1064 daAuts
     D:5: 851 daAuts
     D:6: 465 daAuts
  Temple: 206 daAuts
    D:10: 57 daAuts
